ElectroGuy, lawful female dwarven Valkyrie -------------- ..........*... |....*.......| . |............+ ----------.--- # # # # # ### `##########I#### -------.----####### |.........<|# |..........| |..........| |.`........| ------------ ElectroGuy the Fighter Experience level: 6 Strength: 15 Dexterity: 20 Constitution: 17 Intelligence: 7 Wisdom: 9 Charisma: 11 Health: 0(64) Energy: 4(4) Def: 11 Gold: 0 Moves: 4071 Dungeon seed: vZdEGqluwX0YvU20 Game ID: ElectroGuy_1577626730 Your Inventory: Amulets t - an uncursed amulet of reflection (being worn) Weapons a - a thoroughly rusty +1 long sword (weapon in hand) b - a +0 dagger s - 5 +0 daggers (in quiver) L - 8 +0 elven arrows Armor e - an uncursed +3 small shield (being worn) q - a blessed +0 orcish helm (being worn) y - an uncursed +0 dwarvish cloak (being worn) z - an uncursed +0 dwarvish mithril-coat (being worn) Y - an uncursed +0 pair of iron shoes Rings f - an uncursed ring of warning (on left hand) Wands k - a wand of light (0:13) Tools d - a magic marker (0:32) v - 7 uncursed tallow candles (0:200) B - an uncursed towel D - an uncursed stethoscope O - an uncursed mirror Gems n - an uncursed worthless piece of black glass r - 2 uncursed worthless pieces of red glass w - an uncursed amethyst stone N - an uncursed worthless piece of yellowish brown glass Spells and supernatural/magical abilities: Name Level Category Fail Memory a - force bolt 1 attack 100% 96% W - pray for help -- divine ? -- Your skills at the end: Fighting Skills Weapon Skills dagger [Basic] long sword [Skilled] Spellcasting Skills Final Attributes: You were piously aligned. You were cold resistant. You were telepathic. You were warned. You had infravision. You were stealthy. You aggravated monsters. You had reflection. You were unlucky. You are dead. Vanquished creatures: a large mimic a small mimic 2 wood nymphs a pony a shrieker a gnome lord a kobold mummy 4 giant ants 2 floating eyes a dwarf 2 homunculi a rothe a centipede a giant bat 2 orc zombies 5 iguanas 2 killer bees 2 acid blobs a hobbit a hobgoblin 9 giant rats 2 brown molds a yellow mold 2 green molds 9 gnomes 3 gnome zombies a gecko 4 jackals 4 goblins a sewer rat 4 grid bugs a bat 4 lichens 2 kobold zombies 4 newts 84 creatures vanquished. Voluntary challenges: You used a wielded weapon 129 times, starting on turn 4. You read items or engraved 10 times, starting on turn 1024. You never genocided any monsters. You never polymorphed an object. You never changed form. You used no wishes. You never split a pudding. You wrote Elbereth's name 2 times, starting on turn 1026. You violated your moral code, losing 23 points of alignment, starting on turn 1635. Dungeon overview: The Dungeons of Doom: levels 1 to 5 Level 1 a sink a long staircase Level 2 Level 3 a general store Level 4 stairs to The Gnomish Mines Level 5 <- You were here The Gnomish Mines: Level 5 stairs to The Dungeons of Doom History has recorded: On T:1 you entered the Dungeons of Doom to retrieve the Amulet of Yendor! On T:200 you advanced to experience level 2. On T:442 you reached level 2 of The Dungeons of Doom. On T:817 you advanced to experience level 3. On T:948 you reached level 3 of The Dungeons of Doom. On T:1275 you reached level 4 of The Dungeons of Doom. On T:1605 you reached level 1 of The Gnomish Mines. On T:1655 you advanced to experience level 4. On T:1971 you advanced to experience level 5. On T:2895 you advanced to experience level 6. On T:3177 you reached level 5 of The Dungeons of Doom. Score breakdown: Gold: 0 ( 0 points) Experience: 6 levels (12456 points) Exploration: 5 levels ( 10.20%) ( 8660 points) Discoveries: 7 items ( 2.85%) ( 5060 points) Valuables value: (no points given unless you survive) Artifact value: 0 ( 0 points) Variety of kills: 35 monsters ( 9.19%) ( 9092 points) Turncount: 4071 turns (-1050 points) Survival: died (score multiplied by 80%) Total score: 27374 Latest messages: It hits! It just misses! It misses. It hits! (2x) It misses. (2x) It hits! (2x) It misses. It hits! (5x) It misses. You come to. You hit the kobold mummy. The kobold mummy hits! You hit the kobold mummy. The kobold mummy hits! You destroy the kobold mummy! You faint from lack of food. It bites! (7x) It misses. It bites! (4x) It misses. It bites! (3x) You die... Final status: Farvel ElectroGuy the Valkyrie, killed by a homunculus, while fainted from lack of food... You died in The Dungeons of Doom on dungeon level 5 with 27374 points, and 0 pieces of gold, after 4071 moves. You were level 6 with a maximum of 64 hit points when you died.